 Dungeon Crawl Stone Soup version 0.25.0-11-g1f837a76a1 (webtiles) character file.

Game seed: 9633751678505957399

193 busyok4bedlam the Ducker (level 5, -3/24 HPs)
             Began as a Felid Berserker on June 27, 2020.
             Was a Priest of Trog.
             Slain by Grinder (6 damage)
             ... while paralysed by Grinder
             ... on level 3 of the Dungeon.
             The game lasted 00:09:11 (3559 turns).

busyok4bedlam the Ducker (Felid Berserker)          Turns: 3559, Time: 00:09:12

Health: -3/24      AC:  0    Str: 14    XL:     5   Next: 44%
Magic:  6/6        EV:  3    Int:  9    God:    Trog [***...]
Gold:   89         SH:  0    Dex: 15    Spells: 4/4 levels left
                                        Lives:  0   Deaths: 1

rFire    . . .     SeeInvis +     - Unarmed
rCold    . . .     Gourm    .   (shield unavailable)
rNeg     . . .     Faith    .   (armour unavailable)
rPois    .         Spirit   .   (helmet unavailable)
rElec    .         Reflect  .   (cloak unavailable)
rCorr    .         Harm     .   (gloves unavailable)
MR       .....                  (boots unavailable)
Stlth    ++........             (no amulet)
HPRegen  0.08/turn              (ring currently unavailable)
MPRegen  0.10/turn              (ring currently unavailable)

@: paralysed, brilliant, pig-form (expiring), berserk cooldown, slowed, very
quick
A: small, no armour, no weapons or thrown items, stealth, see invisible,
carnivore, slow metabolism 1
a: Berserk, Trog's Hand, Renounce Religion


You were on level 3 of the Dungeon.
You worshipped Trog.
Trog was most pleased with you.
You were very full.
You were a filthy swine.
You visited 1 branch of the dungeon, and saw 3 of its levels.

You collected 89 gold pieces.

Inventory:

Jewellery
 c - an uncursed amulet of the acrobat {unknown}
Wands
 k - a wand of paralysis (14)
Scrolls
 b - 3 scrolls of magic mapping {unknown}
 h - a scroll of remove curse {unknown}
 j - a scroll of noise {unknown}
Potions
 d - 2 potions of heal wounds
 f - a potion of mutation {unknown}
 g - a potion of magic {unknown}
 i - a potion of resistance {unknown}
Comestibles
 a - 4 rations
 l - 3 chunks of flesh


   Skills:
 + Level 3.6 Fighting
 + Level 5.7 Dodging
 + Level 2.2 Stealth
 + Level 5.5 Unarmed Combat


You had 4 spell levels left.
You didn't know any spells.
Your spell library was empty.

Dungeon Overview and Level Annotations

Branches:
Dungeon (3/15)

Altars:
Ru
Zin

Annotations:
D:3 Grinder


Innate Abilities, Weirdness & Mutations

You cannot wear armour.
You are incapable of wielding weapons or throwing items.
Your paws allow you to move quietly. (Stealth)
((You have sharp claws.))
((You have razor-sharp teeth.))
You have supernaturally acute eyesight. (SInv)
You are carnivorous and can eat meat at any time.
((You cover ground quickly.))
((You are covered in fur. (AC +1)))
You have a slow metabolism.
((Your sharp claws are effective at attacking unaware monsters.))


Message History

You struggle to resist.
The giant cockroach barely misses you.
You hit the giant cockroach.
You kill the giant cockroach!
Trog accepts your kill. Grinder gestures at you. Pain shoots through your body!
Grinder gestures at you. Pain shoots through your body!
You barely miss Grinder.
Grinder is severely wounded.
Grinder gestures at you.
You suddenly lose the ability to move!
Grinder barely misses you.
Your transformation is almost over.
Grinder gestures at you.
You struggle to resist.
Grinder hits you!
* * * LOW HITPOINT WARNING * * *
You writhe in agony.
You die...

#.#...≈≈≈...###.....(.#.
#.#.....(............###
#.................).(###
##...#######......#)....
#.#######....##....)...
#)##..........#..##....
#..#................... .
####.#..........[.......#
....##.......h................
.(..........5.................
.......................>##....
..?.#................ .. #....
... ##............... ...#.#
.. #................ .....
.......##.........
#.......##......... #.......#
.....


You could see Grinder.

Vanquished Creatures
  An orc priest (D:3)
  Jessica (D:3)
  A worker ant (D:2)
  Natasha (twice) (D:2)
  6 adders
  A river rat (D:3)
  3 oozes
  A dart slug (D:1)
  A worm (D:2)
  9 orcs (D:3)
  3 ball pythons
  6 bats
  6 giant cockroaches
  11 goblins
  6 hobgoblins
  10 jackals (D:1)
  3 quokkas (D:2)
  3 frilled lizards
  7 kobolds
  10 rats
91 creatures vanquished.

Notes
Turn   | Place    | Note
-------+----------+-------------------------------------------
     0 | D:1      | busyok4bedlam the Felid Berserker began the quest for the
                  | Orb.
     0 | D:1      | Reached XP level 1. HP: 10/10 MP: 2/2
    69 | D:1      | Reached XP level 2. HP: 14/14 MP: 3/3
   435 | D:1      | Reached XP level 3. HP: 12/17 MP: 4/4
   548 | D:1      | Reached ** piety under Trog
  1287 | D:2      | Reached skill level 1 in Stealth
  1365 | D:2      | Reached XP level 4. HP: 20/21 MP: 5/5
  1981 | D:2      | Noticed Natasha
  1993 | D:2      | Killed Natasha
  1993 | D:2      | Reached skill level 5 in Dodging
  2302 | D:2      | Noticed Natasha
  2306 | D:2      | Killed Natasha
  2306 | D:2      | Reached XP level 5. HP: 24/24 MP: 6/6
  2447 | D:2      | Found a glowing silver altar of Zin.
  2458 | D:2      | Found a sacrificial altar of Ru.
  2545 | D:3      | Noticed Jessica
  2553 | D:3      | Killed Jessica
  2557 | D:3      | Reached skill level 5 in Unarmed Combat
  2589 | D:3      | Reached *** piety under Trog
  2637 | D:3      | Killed from afar by an orc priest
  2638 | D:3      | Reached XP level 4. HP: -1/21 MP: 5/5
  2783 | D:3      | Reached XP level 5. HP: 3/24 MP: 6/6
  3099 | D:3      | Found a glowing drain.
  3530 | D:3      | Noticed Grinder
  3543 | D:3      | Paralysed by Grinder for 2 turns
  3556 | D:3      | Paralysed by Grinder for 4 turns
  3559 | D:3      | Slain by Grinder

Illustrated notes

Levels and vault maps discovered:
D:1:      psy_arrival_terrarium, layout_loops_cross
D:2:      layout_basic, amethyst_overflow_temple_binary, first_ration,
          uniq_natasha
D:3:      layout_rooms, portal_sewer_entry_a, uniq_grinder, uniq_jessica

Skill      XL: |  1  2  3  4  5 |
---------------+----------------+-----
Stealth        | 1 2 |  2.2
Unarmed Combat | 4 5 |  5.5
Dodging        | 5 |  5.7
Fighting       | |  3.6

Action                   |  1- 3 |  4- 6 || total
-------------------------+-------+-------++-------
Melee: Unarmed           |    79 |   163 ||   242
       Bite              |    10 |    14 ||    24
       Punch             |       |     2 ||     2
Invok: Berserk           |     1 |     3 ||     4
  Use: Potion            |       |     2 ||     2
 Stab: Sleeping          |     1 |     1 ||     2
  Eat: Chunk             |     9 |    10 ||    19
Armor: Skin              |    10 |    14 ||    24
Dodge: Dodged            |    96 |   147 ||   243
